 Dungeon Crawl Stone Soup version 0.30.1-11-g7821555f0a (webtiles) character file.

Game seed: 8729909573430851909

25 Immmp the Trooper (level 2, 0/24 HPs)
             Began as a Demonspawn Chaos Knight on Nov 7, 2023.
             Was a Plaything of Xom.
             Slain by a goblin
             ... wielding a +0 club
             ... led by Robin
              (2 damage)
             ... on level 2 of the Dungeon.
             The game lasted 00:06:32 (993 turns).

Immmp the Trooper (Demonspawn Chaos Knight)          Turns: 993, Time: 00:06:33

Health: 0/24       AC:  6    Str: 12    XL:     2   Next: 86%
Magic:  11/11      EV: 11    Int: 13    God:    Xom [..*...]
Gold:   117        SH:  0    Dex: 12    Spells: 1/1 levels left

rFire   . . .        a - +0 spear (chaos)
rCold   . . .        (no shield)
rNeg    . . .        b - +2 leather armour
rPois   .            (no helmet)
rElec   .            (no cloak)
rCorr   .            (no gloves)
SInv    .            (no boots)
Will    .....        (no amulet)
Stlth   +            f - ring of magical power
HPRegen 0.24/turn    (no ring)
MPRegen 0.12/turn

%: no passive effects
@: brilliant
A: rugged brown scales 1
a: Renounce Religion


You were on level 2 of the Dungeon.
You worshipped Xom.
You were a toy of Xom.
You visited 1 branch of the dungeon, and saw 2 of its levels.

You collected 117 gold pieces.

Inventory:

Hand Weapons
 a - a +0 spear of chaos (weapon)
Armour
 b - a +2 leather armour (worn)
Jewellery
 f - a ring of magical power (left hand)
Scrolls
 h - a scroll of enchant weapon
Potions
 g - a potion of might {unknown}
Miscellaneous
 c - a piece from Xom's chessboard (14/15) (quivered)


   Skills:
 + Level 3.2 Fighting
 + Level 3.0 Polearms
 + Level 2.1 Armour
 + Level 1.4 Dodging


You had one spell level left.
You didn't know any spells.
Your spell library was empty.

Dungeon Overview and Level Annotations

Branches:
Dungeon (2/15)

Altars:

Annotations:
D:2 Robin


Innate Abilities, Weirdness & Mutations

You are partially covered in rugged brown scales. (AC +1, +3% HP)


Message History

The goblin hits you with a +0 club. The hobgoblin barely misses you.
The hobgoblin screams, "I'll kill you anyway!"
You hit the hobgoblin.
The hobgoblin suddenly seems more resistant.
The hobgoblin is heavily wounded.
The goblin misses you. The hobgoblin hits you.
Robin of the Strong Arm comes into view.
They are wielding a +0 mace.
You hit the hobgoblin but do no damage.
The hobgoblin is heavily wounded.
The goblin barely misses you. The hobgoblin closely misses you.
Robin roars a battlecry!
The goblins go into a battle-frenzy!
The hobgoblin barely misses the goblin.
You hear a shout!
You hit the hobgoblin. Your punch misses the hobgoblin.
The hobgoblin is almost dead.
The hobgoblin seems less confused.
The goblin hits you with a +0 club. The hobgoblin closely misses you.
The hobgoblin attacks as you move away! The hobgoblin hits you.
The goblin attacks as you move away! The goblin barely misses you.
The goblin barely misses you. The goblin attacks as you move away!
The goblin hits you with a +0 dagger. The goblin attacks as you move away!
The goblin hits you with a +0 dagger.
You make a move on Xom's chessboard...
The hobgoblin twists and deforms.
The goblin hits you with a +0 club.
* * * LOW HITPOINT WARNING * * *
The goblin hits you with a +0 dagger.
* * * LOW HITPOINT WARNING * * *
Robin roars a battlecry!
It was a potion of brilliance.
You feel clever all of a sudden.
Xom thinks this is hilarious!
The goblin hits you with a +0 club.
* * * LOW HITPOINT WARNING * * *
As you read the scroll labelled TUUPPOCV OWUI, it crumbles to dust.
It is a scroll of identify.
h - a scroll of enchant weapon The goblin hits you with a +0 club.
You die...
Xom chortles! #....... #....... #######....... ###.......[..... g g g ................ ggggg

#......†...... g #......†...... g
g ############......####### # #
#..g.ggg@.........#######
...#.####.#..gg#####.............
......)g..#..g.#####......#######
.........)................#
.....###.......##.##......#
..>#.....##....##.##......# ..
....##...#####....######
#.#......# #.#### # # ##.... ...#


You could see Robin, 2 hobgoblins and 4 goblins.

Vanquished Creatures
  An adder (D:2)
  2 endoplasms (D:1)
  4 hobgoblins
  2 jackals (D:2)
  A quokka (D:2)
  2 ball pythons (D:1)
  2 bats (D:1)
  A goblin (D:2)
  A rat (D:2)
16 creatures vanquished.

Notes
Turn   | Place    | Note
-------+----------+-------------------------------------------
     0 | D:1      | Immmp the Demonspawn Chaos Knight began the quest for the
                  | Orb.
     0 | D:1      | Reached XP level 1. HP: 18/18 MP: 1/1
    68 | D:1      | Reached skill level 1 in Dodging
   137 | D:1      | Found a faded altar of an unknown god.
   140 | D:1      | XOM: butterfly on damage
   242 | D:1      | XOM: silly message
   293 | D:1      | Gained mutation: You are partially covered in rugged brown
                  | scales. (AC +1, +3% HP) [demonic ancestry]
   293 | D:1      | Reached XP level 2. HP: 18/24 MP: 2/2
   745 | D:1      | XOM: divination: detect creatures
   830 | D:1      | XOM: divination: magic mapping
   888 | D:2      | XOM: silly message
   933 | D:2      | XOM: divination: detect creatures
   970 | D:2      | XOM: confusion (+ monsters)
   981 | D:2      | Noticed Robin
   993 | D:2      | Slain by a goblin

Illustrated notes

Levels and vault maps discovered:
D:1:      saegor_arrival_simple_e, layout_basic, ebering_ecumenical_altar_mist,
          serial_bayou_ford_a
D:2:      layout_rooms, uniq_robin

Skill      XL: |  1  2 |
---------------+-------+-----
Dodging        | 1 |  1.4
Armour         | 2 |  2.1
Polearms       | 3 |  3.0
Fighting       | |  3.2

Action                     || total
---------------------------++-------
  Melee: Spear             ||    76
  Evoke: Piece from Xom's  ||     1
    Use: Scroll            ||     1
         Potion            ||     1
 Armour: Leather armour    ||    41
  Dodge: Dodged            ||    59
